General information
			
			
        
        - name: BNet
 
        - type: Ladder team game (AT/RT)
 
        - host: Battle.net
 
        - saver: blinn
 
        
map: Cherryville 
        - players: 8
 
        - length: 36:05
 
        - speed: Fast
 - version: 1.22 W3XP
 - replay type:  

 
» download(347 KB)
Players
        team 1 (winner) 
              
              
» 
1st_Panzer_DIv. (
yellow | 112 APM | 4045 actions | 36:04)
              
 6 Death Knight 
 3 Death Coil
 2 Unholy Aura
 1 Animate Dead
 4 Lich 
 2 Frost Nova
 2 Dark Ritual
 4 Dreadlord 
 2 Carrion Swarm
 2 Vampiric Aura
 
                » actions 
                
                | Assign group hotkey | 558 |  | 
| Basic commands | 378 |  | 
| Build / train | 88 |  | 
| ESC pressed | 2 |  | 
| Enter build submenu | 24 |  | 
| Enter hero's abilities submenu | 14 |  | 
| Give item / drop item | 5 |  | 
| Right click | 1035 |  | 
| Select / deselect | 496 |  | 
| Select group hotkey | 1243 |  | 
| Use ability | 202 |  | 
                4045 total
 » units 
                » upgrades
                
                | Cannibalize | 1 |  | 
| Unholy Strength | 3 |  | 
| Unholy Armor | 2 |  | 
| Ghoul Frenzy | 1 |  | 
| Banshee Training | 2 |  | 
                9 total
 » buildings
                
                | Crypt | 1 |  | 
| Altar of Darkness | 1 |  | 
| Ziggurat | 8 |  | 
| Tomb of Relics | 1 |  | 
| Necropolis | 2 |  | 
| Halls of the Dead | 1 |  | 
| Graveyard | 2 |  | 
| Black Citadel | 1 |  | 
| Sacrificial Pit | 1 |  | 
| Spirit Tower | 1 |  | 
| Nerubian Tower | 2 |  | 
| Temple of the Damned | 2 |  | 
| Town Hall | 1 |  | 
| Keep | 1 |  | 
| Blacksmith | 1 |  | 
                26 total
 » build order
                00:23 Crypt
00:32 Altar of Darkness
00:53 Ziggurat
01:36 Tomb of Relics
02:58 Ziggurat
05:35 Necropolis
08:09 Halls of the Dead
10:24 Graveyard
10:36 Ziggurat
12:16 Black Citadel
13:28 Ziggurat
13:29 Ziggurat
13:31 Ziggurat
13:31 Ziggurat
13:56 Sacrificial Pit
15:10 Spirit Tower
15:58 Nerubian Tower
15:59 Nerubian Tower
17:18 Graveyard
17:23 Ziggurat
17:58 Temple of the Damned
19:34 Temple of the Damned
25:37 Necropolis
29:52 Town Hall
34:31 Keep
34:37 Blacksmith
» items
                
                | Rod of Necromancy | 2 |  | 
| Lesser Clarity Potion | 7 |  | 
| Healing Salve | 2 |  | 
| Scroll of Speed | 1 |  | 
| Boots of Speed | 3 |  | 
| Scroll of Protection | 2 |  | 
| Scroll of Regeneration | 4 |  | 
| Scroll of Town Portal | 2 |  | 
| Orb of Fire | 1 |  | 
| Orb of Corruption | 1 |  | 
                25 total
  
               
              
              
blinn (
blue | 96 APM | 3481 actions | 36:04)
              
 4 Blademaster 
 2 Wind Walk
 2 Critical Strike
 4 Pandaren Brewmaster 
 2 Breath of Fire
 1 Drunken Brawler
 1 Drunken Haze
 
                » actions 
                
                | Assign group hotkey | 124 |  | 
| Basic commands | 6 |  | 
| Build / train | 76 |  | 
| Enter build submenu | 20 |  | 
| Enter hero's abilities submenu | 9 |  | 
| Give item / drop item | 1 |  | 
| Right click | 2282 |  | 
| Select / deselect | 440 |  | 
| Select group hotkey | 346 |  | 
| Use ability | 177 |  | 
                3481 total
 » units 
                
                | Peon | 20 |  | 
| Troll Batrider | 18 |  | 
| Murloc Huntsman | 1 |  | 
                39 total
 » upgrades
                
                | Spiked Barricades | 1 |  | 
| Liquid Fire | 1 |  | 
| Ranged Weapons | 1 |  | 
| Armor | 1 |  | 
| Reinforced Defenses | 1 |  | 
                5 total
 » buildings
                
                | Altar of Storms | 1 |  | 
| Orc Burrow | 4 |  | 
| War Mill | 1 |  | 
| Voodoo Lounge | 2 |  | 
| Stronghold | 4 |  | 
| Fortress | 3 |  | 
| Beastiary | 2 |  | 
| Watch Tower | 7 |  | 
| Great Hall | 1 |  | 
                25 total
 » build order
                00:08 Altar of Storms
00:17 Orc Burrow
00:41 War Mill
02:28 Orc Burrow
02:43 Voodoo Lounge
03:55 Voodoo Lounge
04:53 Stronghold
04:53 Stronghold
04:54 Stronghold
05:44 Orc Burrow
05:44 Orc Burrow
08:21 Fortress
08:21 Fortress
08:26 Beastiary
08:27 Beastiary
13:29 Watch Tower
13:30 Watch Tower
13:31 Watch Tower
14:08 Great Hall
20:17 Watch Tower
20:18 Watch Tower
22:40 Watch Tower
22:41 Watch Tower
» items
                
                | Healing Salve | 3 |  | 
| Lesser Clarity Potion | 2 |  | 
| Orb of Lightning | 2 |  | 
| Scroll of Speed | 1 |  | 
| Staff of Sanctuary | 1 |  | 
| Scroll of Town Portal | 1 |  | 
                10 total
  
               
              
              
» 
iggy_the_fisk (
purple | 102 APM | 3670 actions | 36:04)
              
 5 Blademaster 
 2 Wind Walk
 3 Critical Strike
 3 Shadow Hunter 
 2 Hex
 1 Healing Wave
 
                » actions 
                
                | Assign group hotkey | 395 |  | 
| Basic commands | 11 |  | 
| Build / train | 84 |  | 
| Enter build submenu | 14 |  | 
| Enter hero's abilities submenu | 9 |  | 
| Give item / drop item | 5 |  | 
| Right click | 2283 |  | 
| Select / deselect | 265 |  | 
| Select group hotkey | 437 |  | 
| Use ability | 167 |  | 
                3670 total
 » units 
                » upgrades
                
                | Liquid Fire | 1 |  | 
| Ranged Weapons | 2 |  | 
                3 total
 » buildings
                
                | Altar of Storms | 1 |  | 
| Orc Burrow | 4 |  | 
| Voodoo Lounge | 2 |  | 
| Stronghold | 1 |  | 
| Fortress | 1 |  | 
| War Mill | 1 |  | 
| Beastiary | 2 |  | 
| Watch Tower | 4 |  | 
| Great Hall | 1 |  | 
                17 total
 » build order
                00:12 Altar of Storms
00:24 Orc Burrow
01:50 Voodoo Lounge
03:06 Stronghold
03:17 Voodoo Lounge
04:58 Orc Burrow
07:33 Fortress
07:36 War Mill
07:37 Beastiary
08:38 Beastiary
08:40 Orc Burrow
09:55 Orc Burrow
13:30 Watch Tower
13:31 Watch Tower
13:36 Watch Tower
13:47 Watch Tower
22:34 Great Hall
» items
                
                | Healing Salve | 7 |  | 
| Lesser Clarity Potion | 11 |  | 
| Orb of Lightning | 2 |  | 
| Staff of Teleportation | 1 |  | 
| Potion of Lesser Invulnerability | 1 |  | 
| Scroll of Regeneration | 3 |  | 
| Scroll of Town Portal | 3 |  | 
| Potion of Healing | 2 |  | 
| Staff of Sanctuary | 1 |  | 
                31 total
  
               
              
              
» 
TIMG4STRok (
green | 104 APM | 3741 actions | 36:04)
              
 4 Archmage 
 2 Blizzard
 2 Brilliance Aura
 4 Mountain King 
 2 Storm Bolt
 2 Bash
 3 Paladin 
 2 Holy Light
 1 Divine Shield
 
                » actions 
                
                | Assign group hotkey | 7 |  | 
| Basic commands | 78 |  | 
| Build / train | 162 |  | 
| ESC pressed | 1 |  | 
| Enter build submenu | 132 |  | 
| Enter hero's abilities submenu | 11 |  | 
| Give item / drop item | 2 |  | 
| Right click | 1276 |  | 
| Select / deselect | 362 |  | 
| Select group hotkey | 1301 |  | 
| Use ability | 408 |  | 
                3741 total
 » units 
                
                | Peasant | 17 |  | 
| Dragonhawk Rider | 2 |  | 
                19 total
 » upgrades
                
                | Masonry | 3 |  | 
| Lumber Harvesting | 2 |  | 
| Magic Sentry | 1 |  | 
| Cloud | 1 |  | 
| Animal War Training | 1 |  | 
| Armor | 2 |  | 
| Swords | 2 |  | 
                12 total
 » buildings
                
                | Altar of Kings | 1 |  | 
| Barracks | 2 |  | 
| Lumber Mill | 2 |  | 
| Farm | 8 |  | 
| Scout Tower | 225 |  | 
| Arcane Tower | 4 |  | 
| Guard Tower | 92 |  | 
| Keep | 1 |  | 
| Town Hall | 1 |  | 
| Arcane Sanctum | 1 |  | 
| Castle | 1 |  | 
| Arcane Vault | 4 |  | 
| Gryphon Aviary | 2 |  | 
| Blacksmith | 1 |  | 
                345 total
 » build order
                00:11 Altar of Kings
00:22 Barracks
00:35 Lumber Mill
00:38 Farm
01:34 Scout Tower
01:38 Scout Tower
01:41 Scout Tower
01:48 Scout Tower
01:53 Farm
02:00 Scout Tower
02:02 Scout Tower
02:05 Scout Tower
02:06 Scout Tower
02:10 Arcane Tower
02:19 Arcane Tower
02:21 Arcane Tower
02:23 Arcane Tower
02:33 Guard Tower
02:34 Scout Tower
02:37 Guard Tower
02:38 Scout Tower
02:42 Scout Tower
02:43 Guard Tower
02:46 Guard Tower
03:03 Guard Tower
03:05 Scout Tower
03:07 Guard Tower
03:10 Scout Tower
03:27 Scout Tower
03:29 Scout Tower
03:30 Guard Tower
03:32 Scout Tower
03:43 Scout Tower
03:43 Scout Tower
03:47 Guard Tower
03:48 Scout Tower
04:00 Scout Tower
04:03 Guard Tower
04:05 Scout Tower
04:06 Scout Tower
04:11 Guard Tower
04:14 Guard Tower
04:22 Guard Tower
04:24 Scout Tower
04:27 Scout Tower
04:29 Guard Tower
04:30 Scout Tower
04:32 Guard Tower
04:33 Scout Tower
04:36 Guard Tower
04:38 Scout Tower
04:39 Scout Tower
04:42 Scout Tower
04:43 Scout Tower
04:45 Scout Tower
04:46 Scout Tower
04:47 Scout Tower
04:48 Scout Tower
04:52 Guard Tower
04:54 Scout Tower
04:55 Scout Tower
04:59 Keep
05:02 Guard Tower
05:05 Scout Tower
05:06 Scout Tower
05:07 Scout Tower
05:07 Scout Tower
05:08 Scout Tower
05:09 Scout Tower
05:19 Guard Tower
05:21 Scout Tower
05:22 Scout Tower
05:32 Guard Tower
05:34 Scout Tower
05:36 Scout Tower
05:39 Scout Tower
05:40 Scout Tower
05:40 Scout Tower
05:41 Scout Tower
05:44 Guard Tower
05:56 Town Hall
06:15 Guard Tower
06:30 Guard Tower
06:32 Scout Tower
06:34 Scout Tower
06:35 Scout Tower
06:37 Guard Tower
06:39 Guard Tower
06:41 Scout Tower
06:41 Scout Tower
06:42 Scout Tower
06:43 Scout Tower
06:47 Scout Tower
06:49 Scout Tower
06:50 Guard Tower
08:34 Guard Tower
08:37 Scout Tower
08:39 Scout Tower
08:39 Scout Tower
08:40 Scout Tower
08:44 Guard Tower
08:45 Scout Tower
08:46 Scout Tower
08:47 Scout Tower
08:48 Scout Tower
08:49 Scout Tower
08:50 Scout Tower
08:51 Scout Tower
08:53 Guard Tower
08:57 Scout Tower
08:57 Scout Tower
08:58 Scout Tower
08:59 Scout Tower
09:01 Guard Tower
09:03 Scout Tower
09:04 Scout Tower
09:05 Scout Tower
09:06 Scout Tower
09:07 Scout Tower
09:08 Scout Tower
09:12 Arcane Sanctum
09:25 Castle
09:38 Guard Tower
09:58 Guard Tower
10:02 Scout Tower
10:02 Scout Tower
10:03 Scout Tower
10:04 Scout Tower
10:04 Scout Tower
10:05 Scout Tower
10:10 Scout Tower
10:11 Scout Tower
10:12 Scout Tower
10:13 Scout Tower
10:23 Guard Tower
10:28 Lumber Mill
10:30 Guard Tower
10:32 Scout Tower
10:33 Scout Tower
10:33 Scout Tower
10:34 Scout Tower
10:34 Scout Tower
10:37 Guard Tower
10:39 Scout Tower
10:41 Scout Tower
10:43 Scout Tower
10:44 Scout Tower
10:55 Guard Tower
11:17 Guard Tower
11:20 Guard Tower
11:22 Guard Tower
11:24 Guard Tower
11:54 Guard Tower
12:05 Scout Tower
12:06 Scout Tower
12:07 Scout Tower
12:08 Scout Tower
12:11 Scout Tower
12:14 Guard Tower
12:26 Arcane Vault
12:29 Scout Tower
12:29 Scout Tower
12:30 Scout Tower
12:30 Scout Tower
12:31 Scout Tower
12:32 Scout Tower
12:32 Scout Tower
12:34 Guard Tower
12:36 Guard Tower
12:38 Arcane Vault
12:43 Guard Tower
12:46 Arcane Vault
13:04 Guard Tower
13:16 Scout Tower
13:17 Scout Tower
13:19 Scout Tower
13:20 Scout Tower
13:21 Scout Tower
13:27 Scout Tower
13:28 Scout Tower
13:29 Scout Tower
13:29 Scout Tower
13:30 Scout Tower
13:31 Scout Tower
13:32 Scout Tower
13:33 Scout Tower
13:39 Scout Tower
13:40 Scout Tower
13:41 Scout Tower
13:43 Scout Tower
13:43 Scout Tower
13:44 Scout Tower
13:48 Scout Tower
13:48 Scout Tower
13:49 Scout Tower
13:49 Scout Tower
14:03 Scout Tower
14:04 Scout Tower
14:04 Scout Tower
14:05 Scout Tower
14:06 Scout Tower
14:06 Scout Tower
14:13 Guard Tower
14:16 Arcane Vault
14:18 Guard Tower
14:26 Guard Tower
14:51 Guard Tower
14:55 Guard Tower
14:55 Guard Tower
15:07 Guard Tower
15:10 Guard Tower
15:35 Scout Tower
15:37 Scout Tower
15:37 Scout Tower
15:46 Guard Tower
15:51 Scout Tower
15:51 Scout Tower
15:52 Scout Tower
15:53 Scout Tower
15:53 Scout Tower
15:55 Guard Tower
16:07 Guard Tower
16:26 Guard Tower
16:36 Guard Tower
16:52 Guard Tower
16:54 Scout Tower
16:54 Scout Tower
16:55 Scout Tower
16:55 Scout Tower
16:56 Scout Tower
16:56 Scout Tower
17:26 Guard Tower
17:28 Scout Tower
17:29 Scout Tower
17:30 Scout Tower
17:30 Scout Tower
17:31 Scout Tower
17:32 Scout Tower
17:33 Scout Tower
17:34 Scout Tower
17:36 Guard Tower
17:41 Guard Tower
17:46 Scout Tower
17:47 Scout Tower
17:48 Scout Tower
17:48 Scout Tower
17:49 Scout Tower
17:55 Guard Tower
17:59 Guard Tower
18:04 Scout Tower
18:04 Scout Tower
18:06 Scout Tower
18:07 Scout Tower
18:08 Scout Tower
18:08 Scout Tower
18:09 Scout Tower
18:11 Scout Tower
18:11 Scout Tower
18:12 Scout Tower
18:13 Scout Tower
18:17 Guard Tower
18:28 Guard Tower
18:31 Guard Tower
18:57 Guard Tower
19:01 Gryphon Aviary
19:02 Gryphon Aviary
19:04 Guard Tower
19:07 Farm
19:08 Farm
19:08 Farm
19:09 Farm
19:09 Farm
19:10 Farm
19:18 Guard Tower
19:23 Guard Tower
19:37 Guard Tower
19:39 Scout Tower
19:40 Scout Tower
19:41 Scout Tower
19:42 Scout Tower
19:42 Scout Tower
19:53 Barracks
20:01 Blacksmith
20:04 Guard Tower
20:11 Guard Tower
20:13 Guard Tower
20:54 Guard Tower
21:04 Guard Tower
21:08 Scout Tower
21:09 Scout Tower
21:10 Scout Tower
21:10 Scout Tower
21:11 Scout Tower
21:12 Scout Tower
21:36 Guard Tower
21:59 Guard Tower
22:01 Guard Tower
22:05 Scout Tower
22:06 Scout Tower
22:07 Scout Tower
22:08 Scout Tower
22:10 Scout Tower
22:11 Scout Tower
22:12 Scout Tower
22:13 Scout Tower
22:28 Guard Tower
22:44 Guard Tower
23:12 Guard Tower
24:02 Guard Tower
24:08 Scout Tower
24:09 Scout Tower
24:10 Scout Tower
24:16 Guard Tower
24:18 Scout Tower
24:19 Scout Tower
24:19 Scout Tower
24:22 Scout Tower
24:22 Scout Tower
24:22 Scout Tower
24:23 Scout Tower
24:24 Scout Tower
25:34 Guard Tower
25:37 Scout Tower
25:37 Scout Tower
25:38 Scout Tower
25:39 Scout Tower
25:39 Scout Tower
25:40 Scout Tower
25:57 Guard Tower
27:02 Guard Tower
27:04 Guard Tower
27:07 Scout Tower
27:08 Scout Tower
27:09 Scout Tower
27:09 Scout Tower
27:09 Scout Tower
27:11 Scout Tower
27:11 Scout Tower
27:12 Scout Tower
27:13 Scout Tower
27:14 Scout Tower
27:15 Scout Tower
27:32 Guard Tower
27:48 Guard Tower
29:54 Guard Tower
» items
                
                | Staff of Teleportation | 7 |  | 
| Boots of Speed | 3 |  | 
| Healing Salve | 1 |  | 
| Lesser Clarity Potion | 1 |  | 
| Orb of Lightning | 3 |  | 
| Staff of Sanctuary | 3 |  | 
                18 total
  
               team 2 (loser) 
              
              
Bletharmus (
teal | 68 APM | 2454 actions | 36:03)
              
 4 Mountain King 
 2 Storm Bolt
 2 Bash
 2 Paladin 
 1 Holy Light
 1 Divine Shield
 
                » actions 
                
                | Assign group hotkey | 85 |  | 
| Basic commands | 63 |  | 
| Build / train | 68 |  | 
| Enter build submenu | 40 |  | 
| Enter hero's abilities submenu | 6 |  | 
| Right click | 900 |  | 
| Select / deselect | 638 |  | 
| Select group hotkey | 546 |  | 
| Use ability | 108 |  | 
                2454 total
 » units 
                
                | Peasant | 13 |  | 
| Footman | 8 |  | 
| Mortar Team | 16 |  | 
                37 total
 » upgrades
                
                | Defend | 1 |  | 
| Gunpowder | 3 |  | 
| Masonry | 2 |  | 
| Fragmentation Shards | 1 |  | 
| Lumber Harvesting | 1 |  | 
| Flare | 1 |  | 
| Armor | 2 |  | 
                11 total
 » buildings
                
                | Barracks | 1 |  | 
| Altar of Kings | 1 |  | 
| Farm | 8 |  | 
| Scout Tower | 15 |  | 
| Arcane Tower | 1 |  | 
| Keep | 1 |  | 
| Blacksmith | 1 |  | 
| Workshop | 2 |  | 
| Castle | 1 |  | 
| Lumber Mill | 1 |  | 
| Guard Tower | 8 |  | 
| Town Hall | 1 |  | 
| Arcane Vault | 1 |  | 
| Gryphon Aviary | 2 |  | 
                44 total
 » build order
                00:09 Barracks
00:20 Altar of Kings
00:28 Farm
01:10 Farm
01:30 Scout Tower
01:58 Arcane Tower
02:10 Farm
03:20 Keep
03:27 Farm
04:49 Farm
05:47 Blacksmith
07:15 Workshop
07:19 Workshop
08:31 Castle
08:57 Scout Tower
08:59 Scout Tower
10:18 Lumber Mill
10:24 Farm
10:59 Guard Tower
11:02 Scout Tower
11:03 Scout Tower
12:36 Guard Tower
12:58 Scout Tower
13:00 Scout Tower
13:16 Scout Tower
13:18 Scout Tower
13:20 Scout Tower
13:48 Guard Tower
13:49 Guard Tower
13:51 Scout Tower
13:53 Scout Tower
13:55 Scout Tower
14:46 Town Hall
14:48 Guard Tower
14:51 Scout Tower
14:54 Scout Tower
17:34 Guard Tower
17:36 Guard Tower
17:59 Guard Tower
22:35 Farm
27:43 Arcane Vault
28:31 Farm
35:06 Gryphon Aviary
35:09 Gryphon Aviary
» items
                 
               
              
              
GrimReaperDarro (
red | 26 APM | 923 actions | 36:00)
              
 3 Blademaster 
 1 Wind Walk
 2 Critical Strike
 1 Shadow Hunter 
 1 Healing Wave
 
                » actions 
                
                | Assign group hotkey | 22 |  | 
| Basic commands | 115 |  | 
| Build / train | 66 |  | 
| Enter build submenu | 22 |  | 
| Enter hero's abilities submenu | 4 |  | 
| Give item / drop item | 1 |  | 
| Right click | 274 |  | 
| Select / deselect | 161 |  | 
| Select group hotkey | 182 |  | 
| Use ability | 76 |  | 
                923 total
 » units 
                
                | Peon | 19 |  | 
| Grunt | 9 |  | 
| Demolisher | 8 |  | 
| Shaman | 1 |  | 
                37 total
 » upgrades
                
                | Armor | 2 |  | 
| Berserker Strength | 1 |  | 
| Spirit Walker Training | 2 |  | 
| Pillage | 1 |  | 
| Burning Oil | 1 |  | 
| Shaman Training | 2 |  | 
| Pulverize | 1 |  | 
| Melee Weapons | 1 |  | 
                11 total
 » buildings
                
                | Altar of Storms | 1 |  | 
| Orc Burrow | 10 |  | 
| Barracks | 1 |  | 
| War Mill | 1 |  | 
| Watch Tower | 14 |  | 
| Voodoo Lounge | 1 |  | 
| Stronghold | 1 |  | 
| Fortress | 1 |  | 
| Beastiary | 1 |  | 
| Spirit Lodge | 1 |  | 
| Great Hall | 1 |  | 
| Tauren Totem | 1 |  | 
                34 total
 » build order
                00:19 Altar of Storms
00:33 Orc Burrow
01:11 Barracks
01:34 Orc Burrow
02:16 War Mill
03:01 Orc Burrow
04:42 Watch Tower
04:43 Watch Tower
04:59 Voodoo Lounge
05:05 Stronghold
07:38 Fortress
08:13 Beastiary
08:27 Spirit Lodge
08:34 Orc Burrow
12:06 Great Hall
12:45 Orc Burrow
12:50 Watch Tower
12:52 Watch Tower
12:53 Watch Tower
12:55 Watch Tower
15:04 Watch Tower
15:05 Watch Tower
15:06 Watch Tower
15:08 Watch Tower
15:09 Watch Tower
16:59 Tauren Totem
18:14 Watch Tower
18:18 Watch Tower
18:23 Watch Tower
19:13 Orc Burrow
19:18 Orc Burrow
19:19 Orc Burrow
20:26 Orc Burrow
20:39 Orc Burrow
» items
                
                | Healing Salve | 3 |  | 
| Lesser Clarity Potion | 2 |  | 
| Scroll of Speed | 1 |  | 
| Potion of Healing | 1 |  | 
| Potion of Mana | 1 |  | 
| Scroll of Town Portal | 1 |  | 
| Orb of Lightning | 1 |  | 
                10 total
  
               
              
              
» 
IwuvGrim (
orange | 98 APM | 3526 actions | 35:59)
              
 4 Archmage 
 2 Summon Water Elemental
 2 Brilliance Aura
 4 Mountain King 
 2 Storm Bolt
 2 Bash
 3 Paladin 
 2 Holy Light
 1 Divine Shield
 
                » actions 
                
                | Assign group hotkey | 136 |  | 
| Basic commands | 402 |  | 
| Build / train | 125 |  | 
| Enter build submenu | 61 |  | 
| Enter hero's abilities submenu | 12 |  | 
| Give item / drop item | 3 |  | 
| Remove unit from queue | 2 |  | 
| Right click | 1072 |  | 
| Select / deselect | 591 |  | 
| Select group hotkey | 926 |  | 
| Use ability | 196 |  | 
                3526 total
 » units 
                
                | Peasant | 24 |  | 
| Footman | 3 |  | 
| Rifleman | 19 |  | 
| Sorceress | 5 |  | 
| Priest | 6 |  | 
| Siege Engine | 7 |  | 
                64 total
 » upgrades
                
                | Masonry | 2 |  | 
| Long Rifles | 1 |  | 
| Gunpowder | 3 |  | 
| Lumber Harvesting | 2 |  | 
| Sorceress Training | 2 |  | 
| Priest Training | 2 |  | 
| Barrage | 1 |  | 
                13 total
 » buildings
                
                | Altar of Kings | 1 |  | 
| Farm | 16 |  | 
| Barracks | 1 |  | 
| Scout Tower | 22 |  | 
| Lumber Mill | 1 |  | 
| Arcane Tower | 7 |  | 
| Town Hall | 2 |  | 
| Arcane Vault | 1 |  | 
| Guard Tower | 10 |  | 
| Blacksmith | 1 |  | 
| Keep | 1 |  | 
| Castle | 1 |  | 
| Arcane Sanctum | 4 |  | 
| Workshop | 3 |  | 
                71 total
 » build order
                00:08 Altar of Kings
00:22 Farm
00:23 Barracks
00:53 Farm
01:32 Scout Tower
01:48 Farm
02:00 Lumber Mill
02:16 Arcane Tower
03:50 Scout Tower
04:04 Town Hall
04:08 Scout Tower
04:10 Scout Tower
04:31 Scout Tower
04:57 Arcane Vault
05:17 Arcane Tower
05:17 Arcane Tower
05:18 Arcane Tower
05:32 Guard Tower
05:32 Guard Tower
05:32 Guard Tower
05:41 Guard Tower
05:54 Guard Tower
06:14 Blacksmith
06:20 Scout Tower
06:53 Keep
06:56 Arcane Tower
09:22 Farm
09:23 Farm
09:25 Farm
10:11 Castle
10:14 Arcane Sanctum
10:16 Arcane Sanctum
10:19 Arcane Sanctum
11:00 Arcane Sanctum
12:46 Farm
16:27 Farm
16:28 Farm
16:30 Scout Tower
16:32 Scout Tower
16:34 Scout Tower
16:37 Scout Tower
16:41 Workshop
16:44 Workshop
17:49 Guard Tower
18:37 Workshop
18:39 Farm
21:21 Farm
21:23 Farm
21:25 Farm
21:25 Farm
21:26 Farm
26:52 Scout Tower
26:53 Scout Tower
26:54 Scout Tower
26:55 Scout Tower
27:11 Town Hall
27:41 Guard Tower
28:35 Scout Tower
28:36 Scout Tower
28:42 Scout Tower
29:32 Guard Tower
30:20 Scout Tower
30:32 Scout Tower
30:34 Scout Tower
31:05 Guard Tower
31:07 Scout Tower
31:08 Scout Tower
» items
                
                | Boots of Speed | 2 |  | 
| Scroll of Regeneration | 1 |  | 
| Potion of Healing | 4 |  | 
| Scroll of Town Portal | 3 |  | 
| Potion of Lesser Invulnerability | 1 |  | 
| Staff of Sanctuary | 1 |  | 
                12 total
  
               
              
              
nono_mono (
pink | 78 APM | 2618 actions | 33:28)
              
 2 Archmage 
 1 Summon Water Elemental
 1 Brilliance Aura
 2 Blood Mage 
 1 Siphon Mana
 1 Flame Strike
 
                » actions 
                
                | Assign group hotkey | 42 |  | 
| Basic commands | 124 |  | 
| Build / train | 74 |  | 
| Enter build submenu | 37 |  | 
| Enter hero's abilities submenu | 5 |  | 
| Right click | 1088 |  | 
| Select / deselect | 388 |  | 
| Select group hotkey | 767 |  | 
| Use ability | 93 |  | 
                2618 total
 » units 
                
                | Peasant | 14 |  | 
| Footman | 5 |  | 
| Spell Breaker | 6 |  | 
| Knight | 7 |  | 
| Gryphon Rider | 3 |  | 
| Dragonhawk Rider | 6 |  | 
                41 total
 » upgrades
                
                | Animal War Training | 1 |  | 
| Lumber Harvesting | 1 |  | 
| Swords | 3 |  | 
| Plating | 3 |  | 
| Storm Hammers | 1 |  | 
| Cloud | 1 |  | 
                10 total
 » buildings
                
                | Altar of Kings | 3 |  | 
| Barracks | 2 |  | 
| Farm | 12 |  | 
| Scout Tower | 11 |  | 
| Arcane Tower | 4 |  | 
| Arcane Vault | 2 |  | 
| Lumber Mill | 2 |  | 
| Keep | 1 |  | 
| Blacksmith | 1 |  | 
| Castle | 2 |  | 
| Guard Tower | 4 |  | 
| Arcane Sanctum | 1 |  | 
| Gryphon Aviary | 2 |  | 
| Town Hall | 1 |  | 
                48 total
 » build order
                00:15 Altar of Kings
00:22 Barracks
00:37 Farm
01:08 Farm
01:48 Scout Tower
02:08 Farm
02:45 Arcane Tower
02:45 Arcane Tower
03:10 Scout Tower
03:40 Arcane Tower
03:40 Arcane Tower
03:47 Arcane Vault
04:12 Farm
04:21 Lumber Mill
04:36 Keep
06:38 Blacksmith
06:42 Farm
06:43 Farm
06:46 Arcane Vault
06:54 Lumber Mill
07:43 Castle
07:44 Castle
08:04 Scout Tower
08:07 Scout Tower
09:06 Guard Tower
09:39 Arcane Sanctum
12:43 Gryphon Aviary
12:50 Barracks
14:52 Farm
14:54 Farm
14:55 Farm
14:56 Farm
17:47 Farm
17:48 Farm
19:09 Scout Tower
19:42 Scout Tower
19:43 Scout Tower
19:47 Altar of Kings
19:50 Guard Tower
19:53 Gryphon Aviary
20:12 Altar of Kings
20:54 Guard Tower
21:44 Scout Tower
22:29 Town Hall
22:31 Scout Tower
22:32 Scout Tower
22:38 Scout Tower
30:23 Guard Tower
» items
                
                | Scroll of Regeneration | 4 |  | 
| Scroll of Town Portal | 1 |  | 
                5 total
  
                Chat log
          (00:06 / All) 1st_Panzer_DIv.: 1 minute
(00:06 / All) 1st_Panzer_DIv.: seriously
(00:07 / All) 1st_Panzer_DIv.: just a game
(00:14 / All) IwuvGrim: dont have the time
(00:15 / All) IwuvGrim: :D
(00:26 / All) iggy_the_fisk: u a fag?
(00:31 / All) IwuvGrim: yes
(00:48 / Allies) 1st_Panzer_DIv.: we are insane :)
(00:50 / All) GrimReaperDarro: i didn't know chicks could be fags ...
(01:10 / All) 1st_Panzer_DIv.: ok quick now drop trow and fuck
(06:56 / All) TIMG4STRok: HEY stop the game brb
(27:19 / Allies) 1st_Panzer_DIv.: tight
(31:02 / All) iggy_the_fisk: wow
(31:05 / All) iggy_the_fisk: why have you not quit
(31:33 / All) iggy_the_fisk: Orange
(31:34 / All) iggy_the_fisk: u noob?
(31:43 / All) IwuvGrim: i made tanks so im using them
(31:50 / All) iggy_the_fisk: yeaH
(31:51 / All) iggy_the_fisk: U noob?
(31:55 / All) IwuvGrim: sure
(31:56 / All) iggy_the_fisk: you lost a game
(31:58 / All) iggy_the_fisk: to towers...
(32:02 / All) IwuvGrim: yes
(32:04 / All) IwuvGrim: proto is very popular
(32:06 / All) 1st_Panzer_DIv.: at least he knows he is a noob
(32:07 / All) IwuvGrim: lots of noobs do it
(32:11 / All) 1st_Panzer_DIv.: wait we're noobs?
(32:12 / All) TIMG4STRok: how you feel about me towering 4 chokes at once
(32:14 / All) blinn: lol u think this is proto? rofl..
(32:16 / All) IwuvGrim: yes proto
(32:16 / All) 1st_Panzer_DIv.: what's the class under noob then?
(32:17 / All) TIMG4STRok: and then going afk halfway through the game
(32:18 / All) IwuvGrim: mass towers
(32:21 / All) IwuvGrim: =lol
(32:28 / All) blinn: losing to mass towers
(32:30 / All) blinn: =bigger lol
(32:35 / All) iggy_the_fisk: we don't even make units...
(32:38 / All) IwuvGrim: u towered entire mapo
(32:39 / All) iggy_the_fisk: and u think it's proto
(32:40 / All) IwuvGrim: map*
(32:44 / All) iggy_the_fisk: is kind of funny to me
(32:45 / All) 1st_Panzer_DIv.: you couldn't beat it
(32:47 / All) GrimReaperDarro: yeah, fag pussy noob strat
(32:50 / All) 1st_Panzer_DIv.: maybe you're better at other things
(32:51 / All) iggy_the_fisk: allwe make is toweryou can't kill it
(32:54 / All) IwuvGrim: yes its noob strat basically
(32:58 / All) IwuvGrim: look how many towers u have
(32:59 / All) iggy_the_fisk: i know
(33:01 / All) iggy_the_fisk: It owns noobs
(33:08 / All) IwuvGrim: its what noobs do 
(33:09 / All) 1st_Panzer_DIv.: Seriously this is our first win ever
(33:17 / All) iggy_the_fisk: all we make is towers and still win damn
(33:18 / All) blinn: you know how easy it is to beat towers? and you STILL couldn't do it?
(33:24 / All) IwuvGrim: look how many you have
(33:26 / All) iggy_the_fisk: we are so much better than you
(33:29 / All) iggy_the_fisk: It's ridiculous
(33:33 / All) IwuvGrim: ur like
(33:34 / All) IwuvGrim: 2-1 solo
(33:36 / All) blinn: you're just so fucking terrible you should be embarrassed
(33:37 / All) 1st_Panzer_DIv.: yup
(33:41 / All) 1st_Panzer_DIv.: I can solo you
(33:41 / All) iggy_the_fisk: and we still win
(33:42 / All) 1st_Panzer_DIv.: if you want
(33:43 / All) iggy_the_fisk: damn u bad
(33:46 / All) IwuvGrim: massing towers
(33:48 / All) IwuvGrim: omg ur so good!
(33:53 / All) 1st_Panzer_DIv.: Yea we are
(33:54 / All) iggy_the_fisk: yeah we are
(33:56 / All) iggy_the_fisk: 1v1 to find out
(33:58 / All) iggy_the_fisk: wait you won't
(33:58 / All) 1st_Panzer_DIv.: seriously
(34:00 / All) iggy_the_fisk: you're a nerd noob
(34:03 / All) 1st_Panzer_DIv.: we can 1v1 all day long
(34:04 / All) blinn: don't dodge birdnoob
(34:09 / All) blinn: shitbitbirdnoob
(34:10 / All) TIMG4STRok: if i have 200 apm making towers imagine what i have in real game...
(34:17 / All) 1st_Panzer_DIv.: like 2 duh
(35:59 / All) IwuvGrim: "gg"
(36:03 / All) iggy_the_fisk: wow u a  noob